 Dungeon Crawl Stone Soup version 0.16.2-12-gd0ad4c3 (webtiles) character file.

462 Galdon the Grave Robber (level 6, -3/46 HPs)
             Began as a Mummy Necromancer on Oct 28, 2015.
             Slain by an orc warrior
             ... wielding a +0 scimitar
              (23 damage)
             ... on level 4 of the Dungeon.
             The game lasted 00:25:36 (4067 turns).

Galdon the Grave Robber (Mummy Necromancer)         Turns: 4067, Time: 00:25:36

Health: -3/46      AC:  3    Str: 11    XL:     6   Next: 79%
Magic:  1/15       EV: 11    Int: 16    God:
Gold:   243        SH:  0    Dex: 12    Spells: 5 memorised, 0 levels left

rFire  x . .     SeeInvis .     m - +1 dagger (venom)
rCold  + . .     Clarity  .     g - +0 leather armour
rNeg   + + +     SustAb   .     (no shield)
rPois  ∞         Gourm    .     (no helmet)
rElec  .         Spirit   .     (no cloak)
rCorr  .         Warding  .     (no gloves)
rMut   .         Stasis   .     (no boots)
MR     .....                    (no amulet)
Stlth  ++........               (no ring)
                                (no ring)

@: not resistant to hostile enchantments, unstealthy
A: no food or potions, fire vulnerability, restore body, cold resistance 1,
negative energy resistance 3, poison resistance, torment resistance, unbreathing
a: no special abilities


You were on level 4 of the Dungeon.
You were not hungry.

You visited 1 branch of the dungeon, and saw 4 of its levels.

You collected 243 gold pieces.

Inventory:

Hand weapons
 f - a +1 dagger
 m - a +1 dagger of venom (weapon)
Armour
 a - a +0 robe
 g - a +0 leather armour (worn)
Magical devices
 h - a wand of random effects (19)
 r - a wand of disintegration (7)
Scrolls
 c - 4 scrolls of identify
 e - a scroll of recharging
 i - a scroll of amnesia
 j - a scroll of enchant weapon
 k - a scroll of magic mapping {unknown}
 l - 4 scrolls of teleportation
 n - a scroll of fear {unknown}
 o - a scroll of noise {unknown}
Books
 b - a book of Necromancy

   Spells                             Type                      Level
   a - Pain                           Necromancy                   1
   b - Animate Skeleton               Necromancy                   1
   c - Vampiric Draining              Necromancy                   3
   d - Regeneration                   Charms/Necromancy            3
   e - Animate Dead                   Necromancy                   4
   f - Control Undead                 Necromancy                   4
 p - a book of the Earth

   Spells                             Type                      Level
   a - Leda's Liquefaction            Hexes/Earth                  4
   b - Bolt of Magma                  Conjuration/Fire/Earth       5
   c - Statue Form                    Transmutation/Earth          6
   d - Iron Shot                      Conjuration/Earth            6
   e - Shatter                        Earth                        9
 q - a book of the Warp

   Spells                             Type                      Level
   a - Recall                         Summoning/Translocation      3
   b - Control Teleport               Charms/Translocation         4
   c - Force Lance                    Conjuration/Translocation    4
   d - Phase Shift                    Translocation                5
   e - Warp Weapon                    Charms/Translocation         5
   f - Gell's Gravitas                Hexes/Translocation          5
   g - Summon Forest                  Summoning/Translocation      5


   Skills:
 * Level 2.4 Fighting
 + Level 0.1 Armour
 + Level 1.7 Dodging
 + Level 1.9 Stealth
 * Level 4.3 Spellcasting
 * Level 5.9 Necromancy
 * Level 1.2 Evocations


You couldn't memorise any spells.
You knew the following spells:

 Your Spells              Type           Power        Failure   Level  Hunger
a - Pain                  Necr           ###.         1%          1    N/A
b - Animate Skeleton      Necr           N/A          1%          1    N/A
c - Vampiric Draining     Necr           ###.......   6%          3    N/A
d - Control Undead        Necr           ###.......   21%         4    N/A
e - Animate Dead          Necr           N/A          21%         4    N/A

Dungeon Overview and Level Annotations

Branches:
Dungeon (4/15)
 Temple: D:4-7

Altars:
Ru
Yredelemnul


Innate Abilities, Weirdness & Mutations

You do not eat or drink.
Your flesh is vulnerable to fire.
Your flesh is cold resistant.
You are immune to negative energy.
Your system is resistant to poisons.
You are immune to unholy pain and torment.
You can survive without breathing.


Message History

Confirm with . or Enter, or press ? or * to list all spells.
Aiming: Pain
Press: ? - help, Shift-Dir - straight line, f/p - orc warrior
Aim: an orc warrior, wielding a scimitar and wearing a plate armour (chance 81%)
The orc warrior convulses in agony!
Casting: Pain
Confirm with . or Enter, or press ? or * to list all spells.
Aiming: Pain
Press: ? - help, Shift-Dir - straight line, f/p - orc warrior
Aim: an orc warrior, wielding a scimitar and wearing a plate armour (lightly wounded, chance 81%)
The orc warrior convulses in agony!
The orc warrior barely misses you.
Casting: Pain
Confirm with . or Enter, or press ? or * to list all spells.
Aiming: Pain
Press: ? - help, Shift-Dir - straight line, f/p - orc warrior
Aim: an orc warrior, wielding a scimitar and wearing a plate armour (heavily wounded, chance 81%)
The orc warrior convulses in agony!
The orc warrior hits you with a scimitar!!
Ouch! That really hurt!
You die...

#####......##.##....#
#...'......##.#<....#
#.###......##.##....#
#.#.......##....Z.###
#.#.#####.#######.#
#.#.###...........#
#.#.#....#.#####..#####
#.#.#o####.#.....!.....
#.#.#.@....#.##.#.####.
#.#.#..#####........##.
#.#.#..########.#...##.
#.#.#..........%######.
#.#.##.#..............%
#.#.##.#.##############
#.#......# #.####.###
#......#


You could see an orc warrior.

Vanquished Creatures
  An orc priest (D:3)
  2 hounds (D:4)
  A worker ant (D:4)
  2 orc wizards
  Jessica (D:2)
  Terence (D:2)
  5 adders
  A giant gecko (D:2)
  2 oozes
  8 orcs
  9 bats
  2 giant cockroaches (D:1)
  7 hobgoblins
  7 jackals
  3 kobolds
  A quokka (D:2)
  4 giant newts
  11 goblins
  8 rats
76 creatures vanquished.

Vanquished Creatures (collateral kills)
  A human (D:3)
  A human zombie (D:3)
  Ijyb (D:2)
  An orc (D:4)
  A hobgoblin (D:1)
  A bat (D:2)
6 creatures vanquished.

Vanquished Creatures (others)
  A hound zombie (D:4)
  An adder skeleton (D:4)
  2 bat skeletons
  2 hobgoblin skeletons
  A jackal skeleton (D:2)
  4 orc skeletons (D:3)
  An orc zombie (D:4)
  A rat skeleton (D:3)
13 creatures vanquished.

Grand Total: 95 creatures vanquished

Notes
Turn   | Place    | Note
--------------------------------------------------------------
     0 | D:1      | Galdon, the Mummy Necromancer, began the quest for the Orb.
     0 | D:1      | Reached XP level 1. HP: 13/13 MP: 3/3
     2 | D:1      | Learned a level 1 spell: Animate Skeleton
   470 | D:1      | Reached XP level 2. HP: 12/20 MP: 0/4
  1353 | D:1      | Reached XP level 3. HP: 25/25 MP: 3/6
  1358 | D:1      | Learned a level 3 spell: Vampiric Draining
  1597 | D:2      | Noticed Ijyb
  1613 | D:2      | Killed Ijyb
  1790 | D:2      | Reached skill level 1 in Fighting
  1951 | D:2      | Noticed Jessica
  1956 | D:2      | Killed Jessica
  1956 | D:2      | Reached XP level 4. HP: 32/32 MP: 3/9
  1967 | D:2      | Noticed Terence
  1969 | D:2      | Learned a level 4 spell: Control Undead
  1978 | D:2      | Killed Terence
  2254 | D:2      | Reached skill level 5 in Necromancy
  2665 | D:3      | Reached XP level 5. HP: 37/37 MP: 2/11
  3080 | D:3      | Found a sacrificial altar of Ru.
  3198 | D:3      | Found a runed door.
  3198 | D:3      | Noticed a human
  3199 | D:3      | Found a basalt altar of Yredelemnul.
  3334 | D:3      | Killed a human
  3334 | D:3      | Reached skill level 1 in Evocations
  3334 | D:3      | Reached XP level 6. HP: 6/44 MP: 1/14
  3863 | D:4      | Learned a level 4 spell: Animate Dead
  4067 | D:4      | Slain by an orc warrior

Action                   |  1- 3 |  4- 6 || total
-------------------------+-------+-------++-------
Melee: Unarmed           |    23 |       ||    23
       Dagger            |     6 |    23 ||    29
 Cast: Pain              |    66 |   108 ||   174
       Animate Skeleton  |    15 |    12 ||    27
       Animate Dead      |       |     1 ||     1
  Use: Scroll            |     1 |     3 ||     4
 Stab: Distracted        |     1 |     1 ||     2
